 Dungeon Crawl Stone Soup version 0.31.0-11-ge490571c62 (webtiles) character file.

Game seed: 14939411029605144243

577 Zeor the Chopper (level 7, -4/44 HPs)
             Began as a Gargoyle Berserker on Jan 28, 2024.
             Was a Priest of Trog.
             Slain by Edmund
             ... wielding a +1 dire flail of protection
              (11 damage)
             ... on level 5 of the Dungeon.
             The game lasted 00:11:37 (3945 turns).

Zeor the Chopper (Gargoyle Berserker)               Turns: 3945, Time: 00:11:38

Health: -4/44      AC: 13    Str: 23    XL:     7   Next: 35%
Magic:  7/7        EV: 11    Int:  7    God:    Trog [***...]
Gold:   56         SH:  0    Dex:  9    Spells: 6/6 levels left

rFire   . . .        a - +1 hand axe
rCold   . . .        (no shield)
rNeg    + . .        e - +0 ring mail
rPois   ∞            (no helmet)
rElec   +            i - +2 cloak
rCorr   .            (no gloves)
SInv    .            (no boots)
Will    .....        (no amulet)
Stlth   +            (no ring)
HPRegen 0.27/turn    (no ring)
MPRegen 0.10/turn

%: no passive effects
@: on berserk cooldown, slowed, very slow
A: sickness immunity, AC +4, negative energy resistance 1, electricity
resistance, torment resistance 1, petrification resistance
a: Renounce Religion, Berserk, Trog's Hand


You were on level 5 of the Dungeon.
You worshipped Trog.
Trog was most pleased with you.
You visited 1 branch of the dungeon, and saw 5 of its levels.

You collected 315 gold pieces.
You spent 259 gold pieces at shops.

Inventory:

Hand Weapons
 a - a +1 hand axe (weapon)
Missiles
 c - 6 curare-tipped darts
 g - a throwing net (quivered)
Armour
 e - a +0 ring mail (worn)
 i - a +2 cloak (worn)
Scrolls
 d - 2 scrolls of teleportation
 f - a scroll of enchant armour
 l - a scroll of enchant weapon
Potions
 b - 2 potions of invisibility
 h - 3 potions of might
 k - 2 potions of lignification
 m - a potion of curing
 n - a potion of heal wounds
 o - a potion of ambrosia


   Skills:
 + Level 4.4 Fighting
 * Level 6.3 Axes
 + Level 3.1 Armour
 + Level 2.5 Dodging
 + Level 0.8 Stealth


You had 6 spell levels left.
You didn't know any spells.
Your spell library was empty.

Dungeon Overview and Level Annotations

Branches:
Dungeon (5/15)
 Temple: D:4-7

Altars:
Cheibriados
Kikubaaqudgha
Makhleb
Xom

Shops:
D:1 ?   D:5 !

Annotations:
D:5 Edmund, Pikel


Innate Abilities, Weirdness & Mutations

You are immune to sickness and miasma.
Your stone body is resilient. (AC +4)
You are immune to poison.
You resist negative energy. (rN+)
You are resistant to electric shocks. (rElec)
You are resistant to unholy torment.
You are immune to petrification.


Message History

Edmund is almost dead.
You hit the lemure. You hit Pikel. You barely miss Edmund.
Edmund is almost dead.
You closely miss the lemure. You hit Pikel but do no damage.
Edmund hits you but does no damage. The lemure hits you.
Pikel says, "You'll feel the lick of my whip!"
Pikel hits you but does no damage.
You barely miss Edmund.
Edmund is almost dead.
You barely miss the lemure. You hit Pikel but do no damage.
Pikel hits you with a +2 whip of flaming!
Pikel burns you. Edmund barely misses you. The lemure hits you.
You hit Edmund.
Edmund is almost dead.
You slash the lemure!
You kill the lemure!
That felt strangely unrewarding.
You barely miss Pikel. You hit Edmund but do no damage.
Edmund is almost dead.
You slash Pikel!
You are no longer berserk.
You are exhausted.
You feel yourself slow down. Edmund hits you but does no damage.
Pikel hits you with a +2 whip of flaming.
* * * LOW HITPOINT WARNING * * *
Pikel burns you.
* * * LOW HITPOINT WARNING * * *
You hit Pikel but do no damage.
Pikel is heavily wounded.
You hit the lemure but do no damage. You hit Edmund but do no damage.
Edmund hits you but does no damage. The lemure hits you.
* * * LOW HITPOINT WARNING * * *
Pikel hits you but does no damage.
You hit Pikel.
Pikel is heavily wounded.
You hit the lemure. You hit Edmund but do no damage.
Edmund hits you with a +1 dire flail of protection!
You die...
Edmund says, "That'll show my brother!"

∙∙∙∙∙∙∙∙∙∙∙∙∙∙∙∙▒∙∙∙∙∙▒∙∙
∙∙∙∙∙∙∙∙▒▒▒▒▒▒▒▒▒∙∙∙∙∙▒∙∙
∙∙∙∙∙∙∙▒∙∙∙∙∙∙▒∙∙∙∙∙∙▒∙∙
∙∙∙∙∙∙∙▒∙∙∙∙∙∙▒▒▒'▒▒▒▒∙∙
∙∙∙∙∙∙∙▒∙∙∙∙∙∙▒▒∙∙∙∙∙▒∙∙
∙∙∙∙∙∙∙▒∙∙∙∙∙∙∙∙∙∙∙∙∙▒∙∙
∙∙∙∙∙∙∙▒∙∙∙∙∙∙∙∙∙∙∙∙∙▒∙∙
∙∙∙∙∙55▒∙∙∙∙∙∙∙∙∙∙∙∙∙▒∙∙
∙∙∙∙∙5@9∙∙∙∙∙∙∙∙∙∙?∙∙▒^∙
∙∙∙∙∙∙K▒▒▒▒▒▒▒▒▒▒▒▒▒▒▒∙∙
▒▒▒▒▒▒▒ ▒▒▒


You could see Edmund, Pikel and 3 lemures.

Vanquished Creatures
  A lemure (D:5)
  3 scorpions (D:4)
  A bombardier beetle (D:5)
  2 orc priests
  4 orc wizards
  8 gnolls (D:3)
  4 adders
  3 dart slugs
  12 orcs
  4 endoplasms
  7 giant cockroaches
  9 hobgoblins
  6 quokkas
  3 ball pythons
  3 bats
  5 frilled lizards
  14 goblins
  7 kobolds
  6 rats
102 creatures vanquished.

Notes
Turn   | Place    | Note
-------+----------+-------------------------------------------
     0 | D:1      | Zeor the Gargoyle Berserker began the quest for the Orb.
     0 | D:1      | Reached XP level 1. HP: 14/14 MP: 1/1
    89 | D:1      | Reached skill level 3 in Axes
   126 | D:1      | Reached XP level 2. HP: 9/19 MP: 2/2
   229 | D:1      | Found a faded altar of an unknown god.
   390 | D:1      | Found The Oracle's Delphic Readings.
   394 | D:1      | Bought a scroll of identify for 28 gold pieces
   452 | D:1      | Reached XP level 3. HP: 23/23 MP: 3/3
   576 | D:1      | Reached ** piety under Trog
  1264 | D:2      | Reached skill level 4 in Axes
  1264 | D:2      | Reached XP level 4. HP: 19/29 MP: 4/4
  2041 | D:3      | Reached XP level 5. HP: 33/33 MP: 5/5
  2301 | D:3      | Reached skill level 5 in Axes
  2302 | D:3      | Reached XP level 6. HP: 38/38 MP: 6/6
  2780 | D:4      | Found a shimmering altar of Xom.
  2801 | D:4      | Found a snail-covered altar of Cheibriados.
  2824 | D:4      | Found a burning altar of Makhleb.
  2828 | D:4      | Found an ancient bone altar of Kikubaaqudgha.
  2875 | D:4      | Reached *** piety under Trog
  3217 | D:4      | Reached skill level 6 in Axes
  3217 | D:4      | Reached XP level 7. HP: 25/44 MP: 7/7
  3638 | D:5      | Entered Level 5 of the Dungeon
  3642 | D:5      | Found Wiepara's Distillery.
  3655 | D:5      | Bought a potion of degeneration for 11 gold pieces
  3655 | D:5      | Bought a potion of curing for 33 gold pieces
  3655 | D:5      | Bought a potion of heal wounds for 55 gold pieces
  3655 | D:5      | Bought a potion of might for 44 gold pieces
  3655 | D:5      | Bought a potion of ambrosia for 88 gold pieces
  3926 | D:5      | Noticed Edmund
  3927 | D:5      | Noticed Pikel
  3945 | D:5      | Slain by Edmund

Illustrated notes

Levels and vault maps discovered:
D:1:      minmay_arrival_plants_in_alcoves, layout_loops_ring,
          shapermc_ecumenical_altar_totnotflames, nrook_mini_backslash,
          st_stairs_10, nicolae_nh_oracle_at_delphi
D:2:      layout_basic, kennysheep_crisscross, minmay_gold_behind_fungi
D:3:      layout_basic
D:4:      layout_loops_cross, nicolae_overflow_macrodata_refinement
D:5:      layout_gridville, ebering_ghost_inner_flame, serial_shops, shop,
          uniq_edmund, uniq_pikel

Skill      XL: |  1  2  3  4  5  6  7 |
---------------+----------------------+-----
Axes           | 3 4 5 6 |  6.3
Dodging        | 2 |  2.5
Fighting       | 4 |  4.4
Armour         | 3 |  3.1
Stealth        | |  0.8

Action                     |  1- 3 |  4- 6 |  7- 9 || total
---------------------------+-------+-------+-------++-------
  Melee: Hand axe          |   138 |   163 |    55 ||   356
         Punch             |     3 |     1 |     1 ||     5
 Invoke: Berserk           |       |     2 |     1 ||     3
    Use: Potion            |     1 |       |       ||     1
         Scroll            |       |    11 |     2 ||    13
   Stab: Sleeping          |     1 |       |       ||     1
 Armour: Animal skin       |    79 |     3 |       ||    82
         Ring mail         |       |   105 |    42 ||   147
  Dodge: Dodged            |    65 |    72 |    20 ||   157
